 Dungeon Crawl Stone Soup version 0.26-a0-753-g4680b4fa2e (webtiles) character file.

Game seed: 14976490696059233859

28 Bliebski the Insei (level 3, -2/23 HPs)
             Began as an Octopode Transmuter on Nov 7, 2020.
             Slain by a worker ant (3 damage)
             ... on level 2 of the Dungeon.
             The game lasted 00:01:33 (1419 turns).

Bliebski the Insei (Octopode Transmuter)            Turns: 1419, Time: 00:01:33

Health: -2/23      AC:  1    Str:  6 (9)  XL:     3   Next: 14%
Magic:  6/6        EV: 13    Int: 13 (15) God:
Gold:   85         SH:  0    Dex: 12 (13) Spells: 5/6 levels left

rFire    . . .     SeeInvis .     - Unarmed
rCold    . . .     Faith    .   (no shield)
rNeg     . . .     Spirit   .   (helmet currently unavailable)
rPois    .         Reflect  .   (no amulet)
rElec    .         Harm     .   (no ring)
rCorr    .         Rampage  .   (no ring)
MR       .....                  (no ring)
Stlth    ++........             (no ring)
HPRegen  0.07/turn              (no ring)
MPRegen  0.10/turn              (no ring)
                                (no ring)
                                (no ring)

@: lethally poisoned (-2 -> -10), appendages (expiring)
A: almost no armour, stealthy swim, amphibious, 8 rings, constrict 8, tentacle
spike 3, camouflage 1, gelatinous body 1
a: End Transformation


You were on level 2 of the Dungeon.
One of your tentacles had a temporary spike.
You visited 1 branch of the dungeon, and saw 2 of its levels.

You collected 85 gold pieces.

Inventory:

Missiles
 e - 5 silver javelins (quivered)
Scrolls
 b - 2 scrolls of identify {unknown}
 f - a scroll of enchant weapon {unknown}
Potions
 c - a potion of might {unknown}
 d - a potion of invisibility {unknown}


   Skills:
 + Level 1.5 Fighting
 + Level 2.3 Dodging
 + Level 3.2 Unarmed Combat
 + Level 2.3 Spellcasting
 + Level 2.3 Transmutations


You had 5 spell levels left.
You knew the following spells:

 Your Spells              Type           Power        Failure   Level
a - Beastly Appendage     Tmut           #.....       10%         1

Your spell library contained the following spells:

 Spells                   Type           Power        Failure   Level
 Wereblood                Tmut           #.......     14%         2
 Spider Form              Tmut/Pois      #.........   41%         3
 Ice Form                 Ice/Tmut       #.......     83%         4
 Blade Hands              Tmut           #.........   95%         5


Dungeon Overview and Level Annotations

Branches:
Dungeon (2/15)

Altars:


Innate Abilities, Weirdness & Mutations

You cannot wear most types of armour.
You are very stealthy in the water. (Stealth+)
You are amphibious.
You can wear up to eight rings at the same time.
You can use your tentacles to constrict eight enemies at once.
Your skin changes colour to match your surroundings (Stealth+).
Your rubbery body absorbs attacks. (AC +1, EV +1)
One of your tentacles bears a large vicious spike.


Message History

The goblin hits you. The hobgoblin barely misses you.
You bludgeon the goblin!
You kill the goblin!
The hobgoblin closely misses you.
You tentacle-slap the worker ant but do no damage.
Your grab misses the worker ant. You tentacle-slap the worker ant.
You squeeze the worker ant.
The worker ant is lightly wounded.
The worker ant bites you!
You are lethally poisoned!
The worker ant poisons you! The hobgoblin hits you with a +0 club.
* * * LOW HITPOINT WARNING * * *
* * * LOW HITPOINT WARNING * * *
You feel sick.
It was a potion of degeneration.
There was something very wrong with that liquid.
You feel weakened.
You feel dopey.
You feel clumsy.
* * * LOW HITPOINT WARNING * * *
You feel sick. The worker ant bites you.
You die...

#### .... .. ...
.# #.. .# #..###
### ###.# #..K.#
... #...#
#...B###.###..#
####g@.#.#....##
###.#.#.....#
#......##.#
#########.##
#)†# ##(## #..#
##.## #..#


You could see a worker ant, a hobgoblin and a kobold.

Vanquished Creatures
  An ooze (D:1)
  2 leopard geckos
  A giant cockroach (D:1)
  3 goblins
  4 hobgoblins
  5 kobolds
  5 rats
21 creatures vanquished.

Notes
Turn   | Place    | Note
-------+----------+-------------------------------------------
     0 | D:1      | Bliebski the Octopode Transmuter began the quest for the
                  | Orb.
     0 | D:1      | Reached XP level 1. HP: 13/13 MP: 3/3
   255 | D:1      | Reached XP level 2. HP: 16/18 MP: 3/5
  1326 | D:2      | Reached XP level 3. HP: 23/23 MP: 3/6
  1419 | D:2      | HP: 1/23 [poisoned by a worker ant]
  1419 | D:2      | Slain by a worker ant

Illustrated notes

Levels and vault maps discovered:
D:1:      nicolae_arrival_somewhat_less_tricky_arrival, layout_basic
D:2:      layout_basic, makhleb_altar_promises_db,
          yredelemnul_forgotten_temple_becter, minmay_quantized

Action                   || total
-------------------------++-------
Melee: Unarmed           ||    43
       Tentacles         ||     7
       Constrict         ||    13
       Kick              ||    10
       Punch             ||     3
 Cast: Beastly Appendage ||    13
  Use: Potion            ||     1
 Stab: Sleeping          ||     2
Dodge: Dodged            ||    25

Table legend: (Time is in decaauts)
 A = Elapsed time spent in this place.
 B = Non-inter-level travel time spent in this place.
 C = Inter-level travel time spent in this place.
 D = Time resting spent in this place.
 E = Time spent auto-exploring this place.
 F = Levels seen in this place.
 G = Mean time per level.
                   A        B        C        D        E       F      G
               +--------+--------+--------+--------+--------+-----+--------+
         Total |   1416 |   1393 |     23 |      0 |   1245 |   2 |  708.0 |
       Dungeon |   1416 |   1393 |     23 |      0 |   1245 |   2 |  708.0 |
               +--------+--------+--------+--------+--------+-----+--------+

Top non-repeatable levels by time:
     D:1: 1193 daAuts
     D:2: 223 daAuts
